Cogmind - Beta 16 @@@ ROGUE MODE // 2025.12.06 @ 00:59:06 Player: mephiles96 Result: Destroyed by G-47 Trooper with Particle Gun Performance ------------- Evolutions (2) 1000 Regions Visited (7) 1400 Robots Destroyed (56) 280 Value Destroyed (1676) 1676 Prototype IDs (0) 0 Alien Tech Used (0) 0 Bonus (21) 21 TOTAL SCORE: 4377 Bonus ------- Follower Combat Kills 21 Cogmind --------- Core Integrity 0/550 Matter 275/300 Energy 67/100 System Corruption 0% Temperature Cool (46) Movement Walking (105) Location -8/Storage Parts ------- > --- POWER (2) -------- (None) > --- PROPULSION (3) --- Aluminum Leg Aluminum Leg > --- UTILITY (3) ------ Medium Storage Unit Improved Signal Interpreter Hacking Suite > --- WEAPON (3) ------- Particle Gun Makeshift Hammer > --- INVENTORY (10) --- Ion Engine Medium Matter Pod (90) Advanced Weight Redist. System Machine Analyzer Improved Signal Interpreter Particle Charger Heavy Particle Gun Particle Cannon Peak State ------------ > --- POWER ------------ Light Nuclear Core Light Nuclear Core > --- PROPULSION ------- Carbon-fiber Leg Carbon-fiber Leg Carbon-fiber Leg > --- UTILITY ---------- Medium Storage Unit Improved Signal Interpreter Hacking Suite > --- WEAPON ----------- Minigun Minigun Makeshift Hammer > --- INVENTORY -------- Ion Engine Light Treads Aluminum Leg Medium Matter Pod Improved Signal Interpreter Particle Charger Light Armor Plating Heavy Particle Gun Particle Cannon Datajack [Rating: 33] Favorites ----------- Power Light Nuclear Core Engine Ion Engine Power Core Light Nuclear Core Propulsion Aluminum Leg Leg Aluminum Leg Utility Small Storage Unit Device Structural Scanner Storage Small Storage Unit Processor Visual Processing Unit Hackware Hacking Suite Protection Light Armor Plating Weapon Minigun Energy Gun Medium Laser Ballistic Gun Minigun Impact Weapon Makeshift Hammer Special Melee Weapon Datajack Build | -11 -10 -9 -9 -9 -8 -8 -8 ------- Run | Yrd Mat Mat Min Exi Min Mat Sto Slots Evolved 4 | . . 2 . . . 2 . Power 1 | . . . . . . 1 . Propulsion 1 | . . 1 . . . . . Utility 1 | . . 1 . . . . . Weapon 1 | . . . . . . 1 . Parts Attached 58 | 6 4 23 2 3 . 13 7 Power 8 | 1 . 3 1 . . 3 . Engine 3 | 1 . 2 . . . . . Core 5 | . . 1 1 . . 3 . Reactor . | . . . . . . . . Propulsion 15 | 2 . 6 . 1 . 3 3 Treads . | . . . . . . . . Leg 15 | 2 . 6 . 1 . 3 3 Wheel . | . . . . . . . . Hover . | . . . . . . . . Flight . | . . . . . . . . Utility 18 | 1 2 8 1 2 . 3 1 Device 5 | . 2 2 . 1 . . . Storage 5 | 1 . 2 . 1 . . 1 Processor 2 | . . . 1 . . 1 . Hackware 2 | . . . . . . 2 . Protection 4 | . . 4 . . . . . Artifact . | . . . . . . . . Weapon 17 | 2 2 6 . . . 4 3 Energy Gun 5 | . . 3 . . . . 2 Energy Cannon . | . . . . . . . . Ballistic Gun 10 | 2 2 3 . . . 2 1 Ballistic Cannon . | . . . . . . . . Launcher . | . . . . . . . . Special Weapon . | . . . . . . . . Impact Weapon 1 | . . . . . . 1 . Slashing Weapon . | . . . . . . . . Piercing Weapon . | . . . . . . . . Special Melee Weapon 1 | . . . . . . 1 . Unidentified Prototypes . | . . . . . . . . Parts Lost 31 | . . 12 2 . . 8 9 Power 6 | . . 2 . . . 2 2 Propulsion 9 | . . 2 . . . 3 4 Utility 7 | . . 4 2 . . 1 . Weapon 9 | . . 4 . . . 2 3 Highest Loss Streak 12 | . . 12 2 . . 8 4 To Critical Strikes . | . . . . . . . . Average Backups 7 | 3 7 6 7 7 8 9 9 Power . | 1 1 . . 1 2 1 1 Propulsion 1 | 1 . 1 1 1 1 1 1 Utility 2 | . 2 2 2 1 2 3 4 Weapon 2 | 1 3 1 2 2 3 2 3 Tool/Special . | . . . . . . . . Unused Backups 28 | . 6 5 . 3 . 1 13 Power 2 | . . 1 . . . . 1 Propulsion 3 | . 1 1 . . . . 1 Utility 11 | . 3 1 . 1 . . 6 Weapon 11 | . 2 2 . 2 . 1 4 Tool/Special 1 | . . . . . . . 1 Average Slot Usage (%) 93 | . 96 82 99 99 100 93 89 Engine 2 | . 14 3 . . . . . Core 9 | . . 5 10 11 11 15 13 Leg 27 | . 28 24 33 32 33 24 24 Device 2 | . 11 4 . 3 11 . . Storage 12 | . 14 10 14 18 11 9 9 Processor 5 | . . . 3 11 11 8 9 Hackware 2 | . . . . . . 8 9 Protection 5 | . . 13 13 . . . . Energy Gun 1 | . . 3 . . . . 1 Ballistic Gun 19 | . 28 16 22 22 22 17 13 Impact Weapon 2 | . . . . . . 7 9 Peak Build Rating 33 | 6 11 17 17 23 24 30 33 Average Rating 17 | 3 9 11 16 18 23 26 28 On Entrance 15 | . 6 10 17 17 23 24 30 Avg Prop Armor Cover (%) . | . . . . . . . . Naked Turns . | . . . . . . . . Heaviest Build 95 | 14 18 95 26 22 22 29 29 Greatest Support 45 | 20 20 30 30 30 30 35 45 Greatest Overweight (x) 30 | . . 30 . . . 6 1 Average Overweight (x) . | . . . . . . . . Largest Inventory Capacity 25 | 8 8 25 8 10 10 10 10 Average Capacity 9 | 7 8 13 8 8 10 10 10 Most Carried 10 | 8 8 8 8 8 10 10 10 Average Carried 7 | 3 7 6 7 7 8 9 9 Final Capacity 10 | 8 8 8 8 10 10 10 10 Final Carried 10 | 6 8 8 8 8 10 10 8 Class Distribution -------------------- 66% | Scavenger-Mutant 33% | Mutant Dominant Class ---------------- Mutant | -10/Materials Scavenger-Mutant | -9/Materials Scavenger-Mutant | -9/Mines Scavenger-Mutant | -9/Exiles Scavenger-Mutant | -8/Mines Scavenger-Mutant | -8/Materials Mutant | -8/Storage Resources | -11 -10 -9 -9 -9 -8 -8 -8 ----------- Run | Yrd Mat Mat Min Exi Min Mat Sto Matter Collected 1885 | 228 94 627 253 . . 318 365 Remotely . | . . . . . . . . Salvage Created 2009 | . 71 867 184 . . 318 569 Parts 116 | . 9 45 22 . . 17 23 Haulers Intercepted 1 | . . . . . . . 1 Recyclers Shooed . | . . . . . . . . Parts Field Recycled . | . . . . . . . . Retrieved Matter . | . . . . . . . . Parts Self-Destructed . | . . . . . . . . Prevented . | . . . . . . . . Parts Restored . | . . . . . . . . Kills | -11 -10 -9 -9 -9 -8 -8 -8 ------- Run | Yrd Mat Mat Min Exi Min Mat Sto Combat Hostiles Destroyed 51 | . 4 19 9 . . 6 13 Melee 2 | . . . . . . . 2 Guns 48 | . 4 18 9 . . 6 11 Classes Destroyed 8 | . 2 4 . . . 1 1 Builder 1 | . . 1 . . . . . Hauler 1 | . . . . . . . 1 Watcher 3 | . . 3 . . . . . Swarmer 17 | . 3 3 7 . . . 4 Grunt 20 | . 1 12 2 . . 1 4 Brawler 1 | . . 1 . . . . . Sentry 11 | . . 3 . . . 3 5 Hunter 2 | . . . . . . 2 . Best Kill Streak 6 | . 2 6 3 . . 1 5 Combat Bots Only 6 | . 2 6 3 . . 1 4 Max Kills in Single Turn 2 | . 1 2 2 . . 1 1 Gunslinging 1 | . . 1 1 . . . . Exploded . | . . . . . . . . Melee 1 | . . . . . . . 1 Uniques/NPCs Destroyed . | . . . . . . . . Combat | -11 -10 -9 -9 -9 -8 -8 -8 -------- Run | Yrd Mat Mat Min Exi Min Mat Sto Hostile Shots Fired 466 | . 10 185 43 . . 90 138 Missed 139 | . 1 58 14 . . 25 41 Hits 327 | . 9 127 29 . . 65 97 Melee 7 | . . 7 . . . . . Projectile 320 | . 9 120 29 . . 65 97 Critical Strikes 7 | . . 1 2 . . . 4 Damage Taken 4374 | . 80 1814 282 . . 897 1301 Core 947 | . 21 350 17 . . 177 382 Absorbed by Shields . | . . . . . . . . Core Remaining (%) 66 | 100 91 . . . 8 . . Volleys Fired 179 | . 9 67 20 . . 30 53 Largest 2 | . 2 2 2 . . 2 2 Hottest 86 | . 46 73 50 . . 50 86 Shots Fired 303 | . 18 108 38 1 . 57 81 Gun 303 | . 18 108 38 1 . 57 81 Cannon . | . . . . . . . . Launcher . | . . . . . . . . Special . | . . . . . . . . Kinetic 250 | . 18 83 38 1 . 57 53 Thermal 53 | . . 25 . . . . 28 Explosive . | . . . . . . . . Electromagnetic . | . . . . . . . . Robot Hit Streak 25 | . 2 25 6 5 . 8 9 Robot Miss Streak 5 | . 3 3 5 . . 2 4 Penetration Max . | . . . . . . . . Secondary Targets 5 | . . 1 3 . . . 1 Max Gunslinging Chain 1 | . . 1 1 . . . 1 Shots Hit Robots 204 | . 6 75 21 1 . 40 61 Core Hits 81 | . 4 30 11 1 . 13 22 Critical Kills . | . . . . . . . . Critical Parts Destroyed 2 | . . . . . . . 2 Critical Strikes 5 | . . 1 . . . . 4 Burn 3 | . . 1 . . . . 2 Destroy 1 | . . . . . . . 1 Smash 1 | . . . . . . . 1 Melee Attacks 6 | . . . . . . 1 5 Impact 5 | . . . . . . . 5 Slashing . | . . . . . . . . Piercing . | . . . . . . . . Sneak Attacks 1 | . . . . . . . 1 Combat Hostiles . | . . . . . . . . Follow-up Attacks . | . . . . . . . . Damage Inflicted 3399 | . 105 1208 378 12 . 574 1122 Guns 3190 | . 105 1208 378 12 . 574 913 Cannons . | . . . . . . . . Explosions . | . . . . . . . . Melee 209 | . . . . . . . 209 Ramming . | . . . . . . . . Kinetic 2628 | . 105 944 378 12 . 574 615 Thermal 562 | . . 264 . . . . 298 Explosive . | . . . . . . . . Electromagnetic . | . . . . . . . . Impact 209 | . . . . . . . 209 Slashing . | . . . . . . . . Piercing . | . . . . . . . . Highest Corruption 15 | . 2 15 15 15 15 . . Average Corruption 12 | . 2 13 15 15 15 . . Corruption Purged . | . . . . . . . . Corruption Blocked . | . . . . . . . . Effects 98 | . 3 25 41 27 2 . . Message Errors 21 | . 2 4 7 8 . . . Matter Fused 26 | . . 8 9 9 . . . Heat Flow Errors 12 | . . 6 3 2 1 . . Energy Discharges 15 | . 1 3 7 3 1 . . Parts Rejected 1 | . . . 1 . . . . Data Loss (minor) 8 | . . 2 3 3 . . . Data Loss (major) 6 | . . . 5 1 . . . Misfires 2 | . . . 1 1 . . . Alerts 1 | . . . 1 . . . . Misdirections 1 | . . . 1 . . . . Weapon Failures 5 | . . 2 3 . . . . Overload Shots . | . . . . . . . . Overflow Damage 73 | . . . . . . . 73 Projectiles . | . . . . . . . . Explosions . | . . . . . . . . Melee 73 | . . . . . . . 73 Knockbacks . | . . . . . . . . Impact . | . . . . . . . . Kinetic . | . . . . . . . . Secondary . | . . . . . . . . Self-Inflicted Damage . | . . . . . . . . Shots . | . . . . . . . . Rammed . | . . . . . . . . Targets Rammed . | . . . . . . . . Kicked . | . . . . . . . . Crushed . | . . . . . . . . Highest Temperature 286 | . . 286 206 171 157 46 182 Average Temperature 62 | . . 79 53 85 146 19 44 Received Heat Transfer 1398 | . 6 732 84 . . 90 486 Siege Activations . | . . . . . . . . Martial Activations . | . . . . . . . . Shielding Activations . | . . . . . . . . Robots Disrupted . | . . . . . . . . Combat Hostiles . | . . . . . . . . Robots Corrupted 1 | . . . . . . . 1 Combat Hostiles . | . . . . . . . . Parts Fried . | . . . . . . . . Impact Corruptions 3 | . . . . . . . 3 Robots Melted 1 | . . 1 . . . . . Combat Hostiles 1 | . . 1 . . . . . Parts Melted 3 | . . 1 . . . . 2 Heat Transferred 1702 | . . 851 . . . . 851 Parts Sabotaged . | . . . . . . . . Parts Stolen . | . . . . . . . . Parts Stripped . | . . . . . . . . Power Chain Reactions . | . . . . . . . . Alert | -11 -10 -9 -9 -9 -8 -8 -8 ------- Run | Yrd Mat Mat Min Exi Min Mat Sto Maximum Alert Level 1 | . . 1 . . . . . Low Security (%) 98 | 100 100 93 100 . 100 100 100 Level 1 1 | . . 6 . . . . . Level 2 . | . . . . . . . . Level 3 . | . . . . . . . . Level 4 . | . . . . . . . . Level 5 . | . . . . . . . . High Security . | . . . . . . . . Max Security . | . . . . . . . . Peak Influence 268 | . 65 268 171 . . 40 128 Initial 102 | . . 1 102 . . . 12 Average 45 | . 15 49 87 . . 9 38 Influence Increases 1638 | . 117 634 289 . . 177 421 Destroy 0b10 Robot/C 1080 | . 80 380 240 . . 120 260 Destroy 0b10 Robot/NC 25 | . . 20 . . . . 5 Destroy Leader 288 | . 20 106 40 . . 50 72 Allied During Kill 9 | . . . 9 . . . . Successful Hack 24 | . 2 7 . . . 6 9 Disable Machine 15 | . . . . . . . 15 Destroy Structure 2 | . . 1 . . . 1 . Lose Combat Pursuer 195 | . 15 120 . . . . 60 Influence Decreases 1518 | . 113 376 542 9 . 147 331 Entered New Map 190 | . . 3 160 9 . . 18 Time Decay 1098 | . 113 278 362 . . 117 228 Lost Part 230 | . . 95 20 . . 30 85 Squads Dispatched 6 | . 1 2 . . . . 3 Investigation 1 | . . 1 . . . . . Extermination . | . . . . . . . . Reinforcement 5 | . 1 1 . . . . 3 Assault . | . . . . . . . . Garrison . | . . . . . . . . Intercept . | . . . . . . . . Searches Triggered . | . . . . . . . . Construction Impeded 1 | . . 1 . . . . . Haulers Reinforced . | . . . . . . . . Active Scanning Responses . | . . . . . . . . Cargo Convoy Interrupts . | . . . . . . . . Stealth | -11 -10 -9 -9 -9 -8 -8 -8 --------- Run | Yrd Mat Mat Min Exi Min Mat Sto Distress Signals 5 | . . 2 . . . . 3 Communications Jammed . | . . . . . . . . Distress Signals . | . . . . . . . . Times Spotted 79 | . 6 29 12 . . 11 21 Peak Tracking Total 9 | . 3 9 3 . . 4 8 Tactical Retreats 10 | . 1 5 . . . . 4 Traps | -11 -10 -9 -9 -9 -8 -8 -8 ------- Run | Yrd Mat Mat Min Exi Min Mat Sto Traps Triggered 5 | . 1 3 . . . . 1 Indirectly . | . . . . . . . . Trap Hack Attempts . | . . . . . . . . Triggered . | . . . . . . . . Disarmed . | . . . . . . . . Reprogrammed . | . . . . . . . . Reused . | . . . . . . . . Traps Extracted . | . . . . . . . . Installed . | . . . . . . . . Triggered . | . . . . . . . . Machines | -11 -10 -9 -9 -9 -8 -8 -8 ---------- Run | Yrd Mat Mat Min Exi Min Mat Sto Machines Disabled 1 | . . . . . . . 1 Max in Single Turn 1 | . . . . . . . 1 Machines Repaired . | . . . . . . . . Machines Dismantled . | . . . . . . . . Machines Sabotaged . | . . . . . . . . Overloaded Fab Kills . | . . . . . . . . Hacking | -11 -10 -9 -9 -9 -8 -8 -8 --------- Run | Yrd Mat Mat Min Exi Min Mat Sto Machines Accessed 18 | . 4 4 . 4 . 4 2 Terminals 11 | . 2 3 . . . 4 2 Fabricators . | . . . . . . . . Repair Stations . | . . . . . . . . Recycling Units 2 | . 2 . . . . . . Scanalyzers 1 | . . 1 . . . . . Garrison Access . | . . . . . . . . Total Hacks 105 | . 15 17 . 49 . 11 13 Successful 87 | . 11 10 . 49 . 8 9 Failed 17 | . 4 7 . . . 3 3 Catastrophic 1 | . . 1 . . . . . Database Lockouts 1 | . . . . . . . 1 Manual . | . . . . . . . . Terminals 37 | . 5 8 . . . 11 13 Fabricators . | . . . . . . . . Repair Stations . | . . . . . . . . Recycling Units 10 | . 10 . . . . . . Scanalyzers 9 | . . 9 . . . . . Garrison Access . | . . . . . . . . Terminal Hacks 71 | . 2 3 . 49 . 8 9 Record 58 | . 1 . . 49 . 2 6 Emergency Access Points 1 | . . . . . . . 1 Alert Level 2 | . . 1 . . . 1 . Dispatch Records 2 | . . 1 . . . 1 . Maintenance Status 1 | . . . . . . . 1 Surveillance Status 2 | . . 1 . . . . 1 Patrol Status 1 | . . . . . . 1 . Registered Prototypes 1 | . . . . . . 1 . Zone Layout 3 | . 1 . . . . 2 . Fabricator Hacks . | . . . . . . . . Repair Station Hacks . | . . . . . . . . Recycling Unit Hacks 9 | . 9 . . . . . . Recycle Component 4 | . 4 . . . . . . Process 1 | . 1 . . . . . . Report Inventory 1 | . 1 . . . . . . Retrieve Matter 1 | . 1 . . . . . . Retrieve Components 2 | . 2 . . . . . . Scanalyzer 7 | . . 7 . . . . . Insert Component 2 | . . 2 . . . . . Analyze 3 | . . 3 . . . . . Retrieve Study 2 | . . 2 . . . . . Garrison Access Hacks . | . . . . . . . . Unauthorized Hacks . | . . . . . . . . Terminals . | . . . . . . . . Fabricators . | . . . . . . . . Repair Stations . | . . . . . . . . Recycling Units . | . . . . . . . . Scanalyzers . | . . . . . . . . Garrison Access . | . . . . . . . . Data Cores Recovered . | . . . . . . . . Used . | . . . . . . . . Hacking Detections 8 | . 1 4 . . . 1 2 Full Trace Events 1 | . . 1 . . . . . Feedback Events . | . . . . . . . . Feedback Blocked . | . . . . . . . . Robot Schematics Acquired . | . . . . . . . . Robots Built . | . . . . . . . . Authchips . | . . . . . . . . Time . | . . . . . . . . Total Robot Build Rating . | . . . . . . . . Part Schematics Acquired 2 | . . 2 . . . . . Parts Built . | . . . . . . . . Authchips . | . . . . . . . . Time . | . . . . . . . . Total Part Build Rating . | . . . . . . . . Part Studies Acquired 1 | . . 1 . . . . . Parts Repaired . | . . . . . . . . Time . | . . . . . . . . Parts Recycled 4 | . 4 . . . . . . Recycled Matter 266 | . 266 . . . . . . Retrieved Matter 266 | . 266 . . . . . . Retrieved Components 2 | . 2 . . . . . . Parts Scanalyzed 2 | . . 2 . . . . . Part Schematics Acquired 2 | . . 2 . . . . . Parts Damaged . | . . . . . . . . Bothacking | -11 -10 -9 -9 -9 -8 -8 -8 ------------ Run | Yrd Mat Mat Min Exi Min Mat Sto Used RIF Installer . | . . . . . . . . Robots Hacked 1 | . . . . . . 1 . Non-combat . | . . . . . . . . Combat 1 | . . . . . . 1 . Robot Hacks Applied 1 | . . . . . . 1 . parse_system 1 | . . . . . . 1 . Relay Couplers Released . | . . . . . . . . Fabnet Peak Effective % . | . . . . . . . . Robots Rewired . | . . . . . . . . Allies Hacked . | . . . . . . . . Hacks Repelled . | . . . . . . . . Allies | -11 -10 -9 -9 -9 -8 -8 -8 -------- Run | Yrd Mat Mat Min Exi Min Mat Sto Total Allies 1 | . . . 1 . . . . Largest Group 1 | . . . 1 . . . . Highest-Rated Group 31 | . . . 31 . . . . Highest-Rated Ally 31 | . . . 31 . . . . Total Orders . | . . . . . . . . Ally Attacks 5 | . . . 5 . . . . Total Damage 84 | . . . 84 . . . . Kills 3 | . . . 3 . . . . Allies Corrupted . | . . . . . . . . Allies Melted . | . . . . . . . . Intel | -11 -10 -9 -9 -9 -8 -8 -8 ------- Run | Yrd Mat Mat Min Exi Min Mat Sto Active Infowar (turns) 1620 | . 213 199 299 592 46 271 . Optics 1208 | . . . 299 592 46 271 . Sensors 182 | . . 182 . . . . . Terrain 222 | . . . . 175 46 1 . Structural 317 | . 213 104 . . . . . Robot Analysis Total . | . . . . . . . . Derelict Logs Recovered 2 | . . . 2 . . . . Drone Launches . | . . . . . . . . Drone Recoveries . | . . . . . . . . Exploration | -11 -10 -9 -9 -9 -8 -8 -8 ------------- Run | Yrd Mat Mat Min Exi Min Mat Sto Turns Passed 3880 | 68 424 859 833 592 46 494 564 Spaces Moved 2732 | 46 309 422 709 548 42 326 330 Core 15 | 6 . 5 . . . 4 . Treads . | . . . . . . . . Legs 2717 | 40 309 417 709 548 42 322 330 Wheels . | . . . . . . . . Hover . | . . . . . . . . Flight . | . . . . . . . . Fastest Speed 50 | 50 120 105 105 105 105 105 110 Average Speed 115 | 110 120 145 105 105 105 111 118 Slowest Speed 1550 | 120 120 1550 105 105 105 350 190 Overloaded Moves . | . . . . . . . . Propulsion Burnouts . | . . . . . . . . Robots Hopped . | . . . . . . . . Potential Cave-ins . | . . . . . . . . Cave-ins Triggered . | . . . . . . . . Exploration Rate (%) 45 | 4 40 43 98 94 17 23 41 Regions Visited 7 Branch Regions 4 Pre-discovered Areas 1 | . . . . 1 . . . Known Exits Taken 1 | . . . . . . 1 . Unknown Exits Taken 6 | 1 1 1 1 1 1 . . Scrap Searched 2 | . . . 2 . . . . Spaces Dug . | . . . . . . . . Terrain Destroyed . | . . . . . . . . Melee . | . . . . . . . . Projectile . | . . . . . . . . AOE . | . . . . . . . . Terrain Rammed . | . . . . . . . . Walls Destroyed . | . . . . . . . . Machines Disabled . | . . . . . . . . Actions | -11 -10 -9 -9 -9 -8 -8 -8 --------- Run | Yrd Mat Mat Min Exi Min Mat Sto Total 3196 | 63 346 568 766 566 43 411 433 Wait 75 | . 4 17 28 . . 21 5 Move 2725 | 45 308 421 708 547 41 325 330 Hop . | . . . . . . . . Pick Up 98 | 12 14 26 5 7 2 15 17 Fast Attach . | . . . . . . . . Attach 45 | 6 1 16 3 1 . 11 7 Detach . | . . . . . . . . Swap 22 | . 3 9 . 3 . 3 4 Drop 45 | . 7 12 2 7 . 5 12 Fire 179 | . 9 67 20 . . 30 53 Melee 6 | . . . . . . 1 5 Ram . | . . . . . . . . Kick . | . . . . . . . . Crush . | . . . . . . . . Escape Stasis . | . . . . . . . . Rewire 1 | . . . . 1 . . . Trap . | . . . . . . . . Miscellaneous . | . . . . . . . . Route ------- -11/Scrapyard -10/Materials -9/Materials -9/Mines (discovered 3 exits: *Mat x2 / *Exi) -9/Exiles (discovered 2 exits: [*Min x2]) -8/Mines -8/Materials (discovered 2 exits: [*Fac] / *Sto) -8/Storage History --------- Turn | Location | Event 9 | -11/Scrapyard | Discovered new exit (range 16) 69 | -11/Scrapyard | Entered Materials 301 | -10/Materials | Build established: Mutant 442 | -10/Materials | Discovered new exit (range 14) 493 | -10/Materials | Entered another Materials area 493 | -9/Materials | Evolved 2 slots: Propulsion x1, Utility x1 724 | -9/Materials | Core integrity fell below 50% 735 | -9/Materials | System corruption reached 10% 766 | -9/Materials | Lost 12 parts (2p2n4u4w) 1169 | -9/Materials | Build established: Scavenger-Mutant 1172 | -9/Materials | Core integrity fell below 20% 1337 | -9/Materials | Discovered new exit (range 15) 1352 | -9/Materials | Entered Mines 1477 | -9/Mines | Received a Mining Laser from a helpful Derelict 1557 | -9/Mines | Deemed a non-threat by the Exiles lab entrance 1559 | -9/Mines | Discovered new exit (range 5) 1574 | -9/Mines | Discovered new exit (range 13) 1580 | -9/Mines | Learned Materials interactive machine intel 1699 | -9/Mines | Discovered new exit (range 12) 2185 | -9/Mines | Entered Exiles 2185 | -9/Exiles | Found Exiles lab destroyed 2199 | -9/Exiles | Discovered new exit (range 17) 2425 | -9/Exiles | Learned location of Zion (-6) 2464 | -9/Exiles | Discovered new exit (range 12) 2777 | -9/Exiles | Entered Mines 2817 | -8/Mines | Discovered new exit (range 5) 2823 | -8/Mines | Entered Materials 2823 | -8/Materials | Evolved 2 slots: Power x1, Weapon x1 2824 | -8/Materials | Identified exit to Storage 2825 | -8/Materials | Loaded intel: 19 interactive machine locations 3125 | -8/Materials | Lost 8 parts (2p3n1u2w) 3315 | -8/Materials | Discovered new exit (range 9) 3317 | -8/Materials | Entered Storage 3554 | -8/Storage | Central database locked down 3772 | -8/Storage | Core integrity fell below 50% 3823 | -8/Storage | Lost 4 parts (1p2n1w) 3837 | -8/Storage | Core integrity fell below 20% 3881 | -8/Storage | Destroyed by G-47 Trooper with Particle Gun Last Messages --------------- Pulse Rifle destroyed. Critical hit (Burn: +37). G-47 Trooper destroyed. S-10 Pest suffers critical hit (Smash). Destroyed Lgt. Ion Engine. S-10 Pest system corrupted by crushing effect. S-10 Pest destroyed. Acquired 36 matter. Acquired Particle Gun. Y-45 Defender suffers critical hit (Burn). Critical hit (Burn: +37). Carbon-fiber Leg destroyed. Heat Sink melted. Lgt. Treads melted. Y-45 Defender destroyed. Acquired Aluminum Leg+. K-01 Serf collects debris. G-47 Trooper suffers critical hit (Burn). K-01 Serf collects debris. K-01 Serf cleans the Storage Shell. Map ----- +----------------------------------------------------+ | | | | | | | | | ??????????????????????????????????????? | | ???????????????????????????????######## | | ??????????????????????????????# """ # | | ??????????????????????????????# """ # | | ?????????????????????##?????### """ # | | ?????????????????????# ###### + # | | ?????????????????????# # # # | | ?????????????????????# !! # ######### | | ?????????????????????#"" !* + | | ?????????????????????#"""= #######^### | | ?????#####???????????#""" #?????# ## | | ?????# ###########?# #?????# ## | | ?????# # #?######+#######^## | | ?????# # """ ####### ^## | | ?????# # """"?" + + | | ?????# # "????" # # | | ?????# + "????" # """ """ ! ## | | ?????# # "?"""" + "R """ !! | | ?????# # """ k # """ """ ! % | | ?????# # %[ # % = | | ????## ######g#### % [ | | ????# ## !@=% # ##+############### | | ????# ## ! # # ?????????????? | | ????# T ## # # ????????????# | | ????# ## # # "???????????## | | ????# #######+## # """??????????# | | ????## + #?????????# | | ?????# ########## #?????????# | | ?????# #????????#######??????????# | | ?????# #?????????????????????????? | | ?????# #?????????????????????????? | | ?????# #?????????????????????????? | | ?????# #?????????????????????????? | | ?????# #?????????????????????????? | | ?????# #?????????????????????????? | | ?????# ?????????????????????????? | | ?????##+#####?????????????????????????? | | ??????? ??????????????????????????????? | | ???????"??????????????????????????????? | | ??????????????????????????????????????? | | ??????????????????????????????????????? | | ??????????????????????????????????????? | | ??????????????????????????????????????? | | ??????????????????????????????????????? | | ??????????????????????????????????????? | | ??????????????????????????????????????? | +----------------------------------------------------+ Best States ------------- Heat Dissipation 47 Energy Generation 23 Energy Capacity 250 Matter Stores 400 Matter Capacity 400 Sight Range 18 Robot Scan Range 14 Terrain Scan Range 18 Terrain Scan Density 10 Armor Coverage 375 Evasion (%) 55 Offensive Hacking 10 Item Schematics ----------------- Aluminum Leg | -9/Materials | Scanalyzed Minigun | -9/Materials | Scanalyzed Robot Schematics ------------------ None Fabricated ------------ Nothing Repaired ---------- Nothing Studied --------- Aluminum Leg | -9/Materials | Hacked Alien Tech Used ----------------- None Achievements -------------- Analysis Probe Close Call Loot Pinata Novice Programmer Spot Them First System Compromised Challenges ------------ None Game ------ Seed SiegeStealthReplicator Manual? 0 Play Time 00:59:15 Cumulative 3.6 hours Start 2025.12.05 @ 23:59:09 End 2025.12.06 @ 00:59:06 Sessions 1 Manual Loads 0 Difficulty Rogue Special Mode None Game No. 6 Rogue 6 Adventurer 0 Explorer 0 Win Type - Total 0 Types 0/0/0/0/0/0/0/0/0/0 Lore% 8 Gallery% 5 Achievement% 8 Wizard Run 0 Options --------- Layout 1 ASCII 0 Keyboard 0 Movement Numpad Keybinds 1 Fullscreen 1 Font 24/Smallcaps Map View 50x35 Zoom Use 0% Tactical HUD 0 Map Filters NONE Filters NONE Steam 1 RUN: ca6e6ecd-e6fa-4c64-a0fa-c812c376e699